 Dungeon Crawl Stone Soup version 0.22.0 (webtiles) character file.

56 Glaeka the Sneak (level 4, 0/33 HPs)
             Began as a Human Assassin on Aug 11, 2018.
             Hit by a tomahawk thrown by an orc (4 damage)
             ... on level 3 of the Dungeon.
             The game lasted 00:08:12 (1473 turns).

Glaeka the Sneak (Human Assassin)                   Turns: 1473, Time: 00:08:12

Health: 0/33       AC:  3    Str: 11    XL:     4   Next: 17%
Magic:  4/4        EV: 12    Int: 12    God:
Gold:   204        SH:  0    Dex: 15    Spells: 3/3 levels left

rFire    + . .     SeeInvis .   b - +0 blowgun
rCold    . . .     Gourm    .   (no shield)
rNeg     . . .     Faith    .   c - +0 robe
rPois    .         Spirit   .   (no helmet)
rElec    .         Reflect  .   d - +0 cloak
rCorr    .         Harm     .   (no gloves)
MR       .....                  (no boots)
Stlth    +++.......             p - amulet of the acrobat
HPRegen  0.11/turn              s - ring of protection from fire
MPRegen  0.09/turn              (no ring)

@: no status effects
A: no striking features
a: no special abilities


You were on level 3 of the Dungeon.
You were hungry.

You visited 1 branch of the dungeon, and saw 3 of its levels.

You collected 204 gold pieces.

Inventory:

Hand Weapons
 a - a +2 dagger
 b - a +0 blowgun (weapon)
Missiles
 e - 20 poisoned needles (quivered)
 f - 10 curare-tipped needles
 u - 2 tomahawks
Armour
 c - a +0 robe (worn)
 d - a +0 cloak (worn)
Jewellery
 p - an amulet of the acrobat (around neck)
 s - a ring of protection from fire (left hand)
 v - a cursed -2 ring of intelligence {unknown}
Scrolls
 h - a scroll of random uselessness {unknown}
 i - 5 scrolls of identify
 l - a scroll of teleportation {unknown}
 n - a scroll of magic mapping {unknown}
 o - 2 scrolls of fear
 q - a scroll of immolation {unknown}
 t - a scroll of amnesia {unknown}
Potions
 j - a potion of cancellation {unknown}
 k - a potion of curing {unknown}
 m - a potion of resistance {unknown}
 r - a potion of might {unknown}
Comestibles
 g - 4 rations


   Skills:
 + Level 2.2 Fighting
 - Level 2.0 Short Blades
 + Level 2.2 Throwing
 - Level 1.0 Dodging
 + Level 5.3 Stealth


You had 3 spell levels left.
You didn't know any spells.
Your spell library was empty.

Dungeon Overview and Level Annotations

Branches:
Dungeon (3/15)

Altars:

Annotations:
D:3 1 transporter


Message History

The puff of flame hits you! You resist.
You hit something but do no damage. Something hits you.
You closely miss something. Something hits you but does no damage.
You closely miss something. Something hits you but does no damage.
You hit something. You closely miss something.
You hear some strange, mumbled words.
A puff of frost appears from out of thin air!
The puff of frost hits you!
* * * LOW HITPOINT WARNING * * *
As you read the scroll labeled RAGUSS QOININUDGHO, it crumbles to dust.
You assume a fearsome visage.
The orc looks frightened!
The jackal looks frightened!
It was a scroll of fear.
b - a +0 blowgun (weapon)
Cornered, the orc turns to fight!
Firing (i - inventory. (/) - cycle)
e - 21 poisoned needles (quivered)
Press: ? - help, Shift-Dir - straight line, f - orc
Aim: an orc, wielding a short sword You shoot a poisoned needle.
The orc throws a tomahawk.
The tomahawk hits you.
You die...

.. ..# #.#
..#####.# #)#
........# #.#
########.####.#
≈≈≈≈#P8#......#
≈P..#..#...####
⌠≈..+/©#©..#
≈≈..#..#..##
;≈≈≈#P8#@##
########{#
.......oo#
>......###
.#####h (. .#.
.(#o .( h.


You could see 2 orcs and a jackal (fleeing).

Vanquished Creatures
  2 adders (D:3)
  3 leopard geckos (D:1)
  An orc (D:3)
  A giant cockroach (D:3)
  4 goblins
  4 hobgoblins
  3 jackals (D:3)
  6 kobolds
  5 bats (D:1)
  3 rats
32 creatures vanquished.

Notes
Turn   | Place    | Note
-------+----------+-------------------------------------------
     0 | D:1      | Glaeka the Human Assassin began the quest for the Orb.
     0 | D:1      | Reached XP level 1. HP: 16/16 MP: 1/1
   124 | D:1      | Reached XP level 2. HP: 19/22 MP: 2/2
   396 | D:1      | Reached XP level 3. HP: 27/27 MP: 3/3
  1354 | D:3      | Reached skill level 5 in Stealth
  1399 | D:3      | Reached XP level 4. HP: 31/33 MP: 4/4
  1411 | D:3      | Found a transporter.
  1473 | D:3      | Hit by a tomahawk thrown by an orc

Skill      XL: |  1  2  3 |
---------------+----------+-----
Stealth        | 5 |  5.3
Fighting       | |  2.2
Short Blades   | |  2.0
Throwing       | |  2.2
Dodging        | |  1.0

Action                   |  1- 3 |  4- 6 || total
-------------------------+-------+-------++-------
Melee: Dagger            |    80 |    37 ||   117
 Fire: Blowgun           |     4 |     4 ||     8
Throw: Tomahawk          |       |     4 ||     4
  Use: Scroll            |     2 |     1 ||     3
 Stab: Sleeping          |    10 |       ||    10
  Eat: Chunk             |     1 |       ||     1
Armor: Robe              |    14 |     8 ||    22
Dodge: Dodged            |    40 |    14 ||    54
